 Dungeon Crawl Stone Soup version 0.29-a0-398-ge13fd1374b (webtiles) character file.

Game seed: 2683139099157625998

106 hquester the Ruffian (level 4, -1/44 HPs)
             Began as a Troll Berserker on May 12, 2022.
             Was a Believer of Trog.
             Slain by a goblin
             ... wielding a +0 club
             ... led by Robin
              (3 damage)
             ... on level 3 of the Dungeon.
             The game lasted 00:08:37 (1862 turns).

hquester the Ruffian (Troll Berserker)              Turns: 1862, Time: 00:08:37

Health: -1/44      AC:  4    Str: 31    XL:     4   Next: 55%
Magic:  3/3        EV: 11    Int:  3    God:    Trog [**....]
Gold:   132        SH:  0    Dex: 17    Spells: 3/3 levels left

rFire   + . .      SeeInvis .     - Unarmed
rCold   + . .      Faith    .   (no shield)
rNeg    . . .      Spirit   .   a - +0 animal skin
rPois   +          Reflect  .   (helmet restricted)
rElec   +          Harm     .   (no cloak)
rCorr   +          Rampage  .   (gloves unavailable)
Will    .....                   (boots unavailable)
Stlth   ++........              n - amulet of magic regeneration
HPRegen 0.94/turn               h - +6 ring of strength
MPRegen 0.48/turn               m - +6 ring of dexterity

@: resistant
A: large, unfitting armour, claws 3, regeneration 1, shaggy fur 1, tough skin 1
a: Renounce Religion, Berserk, Trog's Hand


You were on level 3 of the Dungeon.
You worshipped Trog.
Trog was pleased with you.
You visited 1 branch of the dungeon, and saw 3 of its levels.

You collected 132 gold pieces.

Inventory:

Hand Weapons
 e - a +2 dagger of freezing
Missiles
 b - 50 stones (quivered)
Armour
 a - a +0 animal skin (worn)
Jewellery
 c - an amulet of reflection
 h - a +6 ring of strength (left claw)
 m - a +6 ring of dexterity (right claw)
 n - an amulet of magic regeneration (around neck)
Scrolls
 d - a scroll of silence {unknown}
 f - 2 scrolls of identify {unknown}
 g - a scroll of brand weapon {unknown}
 k - a scroll of vulnerability {unknown}
 l - a scroll of enchant weapon {unknown}
 o - a scroll of enchant armour {unknown}
 p - a scroll of noise {unknown}
Potions
 i - a potion of lignification {unknown}
 j - 2 potions of resistance


   Skills:
 + Level 2.7 Fighting
 - Level 0.3 Maces & Flails
 + Level 0.9 Throwing
 + Level 0.8 Armour
 + Level 2.8 Dodging
 + Level 0.9 Shields
 * Level 3.7 Unarmed Combat
 + Level 1.0 Invocations


You had 3 spell levels left.
You didn't know any spells.
Your spell library was empty.

Dungeon Overview and Level Annotations

Branches:
Dungeon (3/15)

Altars:

Annotations:
D:3 Robin


Innate Abilities, Weirdness & Mutations

You are too large for most types of armour.
You have claws for hands.
Your natural rate of healing is unusually fast.
You are covered in fur. (AC +1)
You have tough skin. (AC +1)


Message History

The goblin hits you but does no damage. The goblin hits you with a +0 club.
The goblin misses you. The goblin hits you with a +0 club.
The goblin misses you.
You closely miss the goblin.
The goblin is severely wounded.
Robin roars a battlecry!
The goblins go into a battle-frenzy!
The goblin hits you with a +0 club. x2; The goblin barely misses you.
The goblin hits you with a +0 club. The goblin misses you.
You scratch the goblin but do no damage.
The goblin is severely wounded.
The goblin hits you with a +0 club. The goblin misses you.
The goblin hits you but does no damage. The goblin barely misses you.
The goblin hits you with a +0 club.
You claw the goblin!
You kill the goblin!
Trog accepts your kill. The goblin hits you with a +0 club.
* * * LOW HITPOINT WARNING * * *
The goblin hits you with a +0 club.
* * * LOW HITPOINT WARNING * * *
Unknown command.
It was a potion of resistance.
You feel protected. The goblin hits you with a +0 club.
* * * LOW HITPOINT WARNING * * *
The goblin hits you but does no damage. The goblin closely misses you.
The goblin hits you but does no damage. The goblin barely misses you.
You barely miss the goblin. The goblin hits you with a +0 club.
* * * LOW HITPOINT WARNING * * *
The goblin hits you with a +0 club.
* * * LOW HITPOINT WARNING * * *
The goblin closely misses you. x2
You barely miss the goblin. The goblin closely misses you.
The goblin hits you with a +0 club.
* * * LOW HITPOINT WARNING * * *
The goblin hits you but does no damage. x2; The goblin barely misses you.
You closely miss the goblin. The goblin barely misses you.
The goblin hits you with a +0 club.
You die...

.##.# #####'## .##.#
#†#.......# ..#.#
#.#.......# #.#.#
#.#.......# #...#
#.#..[....# ##..#
#.#.......# #..########
#.#ggg....# ##>........
..#ggg....# #......###
#@gg....#
#......########gg.....#
#......##.....#.......#
#......##.....#.##.####
#......'........##.####
##......##..............
..[.....######..........
...#.###### #..........
...#.#....# #..........


You could see Robin, a hobgoblin (strong) and 8 goblins.

Vanquished Creatures
  An orc priest (D:3)
  An adder (D:3)
  3 dart slugs
  6 orcs (D:3)
  8 endoplasms
  A giant cockroach (D:1)
  2 goblins
  6 hobgoblins
  4 jackals
  4 kobolds
  A quokka (D:1)
  5 bats
  6 frilled lizards
  6 rats
54 creatures vanquished.

Vanquished Creatures (others)
  4 toadstools (D:1)
4 creatures vanquished.

Grand Total: 58 creatures vanquished

Notes
Turn   | Place    | Note
-------+----------+-------------------------------------------
     0 | D:1      | hquester the Troll Berserker began the quest for the Orb.
     0 | D:1      | Reached XP level 1. HP: 22/22 MP: 0/0
   122 | D:1      | Reached XP level 2. HP: 29/29 MP: 1/1
   531 | D:1      | Reached XP level 3. HP: 36/36 MP: 2/2
   585 | D:1      | Reached ** piety under Trog
  1221 | D:2      | Found a faded altar of an unknown god.
  1510 | D:3      | Reached XP level 4. HP: 44/44 MP: 3/3
  1534 | D:3      | Reached skill level 1 in Invocations
  1849 | D:3      | Noticed Robin
  1861 | D:3      | HP: 1/44 [goblin/+0 club[Robin] (3)]
  1862 | D:3      | Slain by a goblin

Illustrated notes

Levels and vault maps discovered:
D:1:      ldierk_water_garden, layout_loops_cross
D:2:      layout_basic, ebering_ecumenical_altar_rust,
          amcnicky_mini_rare_corridor_liquid
D:3:      layout_basic, uniq_robin

Skill      XL: |  1  2  3  4 |
---------------+-------------+-----
Invocations    | 1 |  1.0
Fighting       | |  2.7
Maces & Flails | |  0.3
Throwing       | |  0.9
Armour         | |  0.8
Dodging        | |  2.8
Shields        | |  0.9
Unarmed Combat | |  3.7

Action                   |  1- 3 |  4- 6 || total
-------------------------+-------+-------++-------
Melee: Unarmed           |    81 |    39 ||   120
       Punch             |       |     1 ||     1
  Use: Potion            |       |     1 ||     1
 Stab: Sleeping          |     1 |       ||     1
Armor: Animal skin       |    19 |    18 ||    37
Dodge: Dodged            |    33 |    28 ||    61
Block: Other             |    13 |     5 ||    18

Table legend: (Time is in decaauts)
 A = Elapsed time spent in this place.
 B = Non-inter-level travel time spent in this place.
 C = Inter-level travel time spent in this place.
 D = Time resting spent in this place.
 E = Time spent auto-exploring this place.
 F = Levels seen in this place.
 G = Mean time per level.
                   A        B        C        D        E       F      G
               +--------+--------+--------+--------+--------+-----+--------+
         Total |   1858 |   1858 |      0 |      0 |   1375 |   3 |  619.3 |
       Dungeon |   1858 |   1858 |      0 |      0 |   1375 |   3 |  619.3 |
               +--------+--------+--------+--------+--------+-----+--------+

Top non-repeatable levels by time:
     D:1: 757 daAuts
     D:2: 747 daAuts
     D:3: 352 daAuts
